 Dungeon Sprint DCSS version 0.26-a0-610-g3e9335b (webtiles) character file.

Game seed: 11213624494606816792

443 Hazorath the Cleaver (level 7, -4/74 HPs)
             Began as a Hill Orc Fighter on Sept 2, 2020.
             Was the Champion of Jiyva.
             Slain by a demonic crawler (10 damage)
             ... in the Dungeon (Sprint I: "Red Sonja").
             The game lasted 00:05:25 (375 turns).

Hazorath the Cleaver (Hill Orc Fighter)              Turns: 375, Time: 00:05:26

Health: -4/74      AC:  6    Str: 21    XL:     7   Next: 2%
Magic:  4/7        EV:  9    Int:  8    God:    Jiyva [******]
Gold:   189        SH:  9    Dex: 10    Spells: 6/6 levels left

rFire    . . .     SeeInvis .   a - +0 war axe
rCold    . . .     Faith    .   c - +0 kite shield
rNeg     + . .     Spirit   .   m - +1 ring mail {rN+}
rPois    .         Reflect  .   (no helmet)
rElec    .         Harm     .   (no cloak)
rCorr    +         NoTele   +   (no gloves)
MR       .....                  (no boots)
Stlth    +.........             (no amulet)
HPRegen  0.22/turn              (no ring)
MPRegen  0.10/turn              (no ring)

@: slimy, hasted, very quick
A: translucent skin 1, jelly sensing items, jelly absorbing missiles, MP-powered
wands
a: Request Jelly, Slimify, Cure Bad Mutation, Renounce Religion


You were in the Dungeon.
You worshipped Jiyva.
Jiyva was exalted by your worship.
You visited 1 branch You collected 189 gold pieces.

Inventory:

Hand Weapons
 a - a +0 war axe (weapon)
Armour
 c - a +0 kite shield (worn)
 m - a +1 ring mail of positive energy (worn)
Wands
 k - a wand of random effects (16)
Scrolls
 j - a scroll of blinking
Potions
 d - a potion of might
 e - a potion of curing
 h - 2 potions of magic
 i - a potion of berserk rage
 l - a potion of ambrosia {unknown}


   Skills:
 + Level 11.3 Fighting
 * Level 13.2 Axes
 - Level 3.2 Armour
 - Level 2.0 Dodging
 - Level 3.2 Shields
 + Level 2.8 Evocations


You had 6 spell levels left.
You didn't know any spells.
Your spell library was empty.

Dungeon Overview and Level Annotations

Branches:
Dungeon (1/1)

Altars:
Makhleb
Sif Muna
Wu Jian
Xom
Jiyva
Lugonu


Innate Abilities, Weirdness & Mutations

Your translucent skin slightly reduces your foes' accuracy. (Stealth)
You have a small jelly attached to you that senses nearby items.
You have a small jelly attached to you that may absorb incoming projectiles.
You expend magic power (3 MP) to strengthen your wands.


Message History

The jelly dies!
The kobold demonologist casts a spell.
The demonic crawler hits you.
* * * LOW HITPOINT WARNING * * *
The demonic crawler barely misses you. You block the demonic crawler's attack.
The quasit disappears in a puff of smoke!
The demonic crawler hits the jelly!
The demonic crawler seems to be corroded for longer.
The demonic crawler is burned by acid!
The demonic crawler hits the jelly.
The jelly dies!
There is an open door here.
The demonic crawler hits you!
* * * LOW HITPOINT WARNING * * *
The demonic crawler hits you but does no damage.
The demonic crawler completely misses you.
There is an open door here.
You feel yourself speed up. The demonic crawler hits you!
* * * LOW HITPOINT WARNING * * *
The demonic crawler hits you!
You die...

##########################
#<.#..'..#s.s..#__#.45)..#
#..'[.#..@s.#..'555..#.K§#
#..#####+#####.#__####.355
#..# ∆∆ ∆∆∆#.####∆∆ ####
#..# ∆∆ #.# ∆∆ #..# _.+
#⌠⌠# ._# ∆∆ #### .#+# +


You could see 3 demonic crawlers.

Vanquished Creatures
  A slime creature (D)
  Sigmund (D)
  An ogre (D)
  Ijyb (D)
4 creatures vanquished.

Vanquished Creatures (others)
  An unseen horror (D)
  A floating eye (D)
  7 necrophages (D)
  9 jellies (D)
  An ooze (D)
19 creatures vanquished.

Grand Total: 23 creatures vanquished

Notes
Turn   | Place    | Note
-------+----------+-------------------------------------------
     0 | D        | Hazorath the Hill Orc Fighter began the quest for the Orb.
     0 | D        | Reached XP level 1. HP: 19/19 MP: 1/1
     1 | D        | Noticed Ijyb
    14 | D        | Killed Ijyb
    14 | D        | Reached skill level 6 in Axes
    14 | D        | Reached XP level 2. HP: 25/30 MP: 2/2
    14 | D        | Reached XP level 3. HP: 31/37 MP: 3/3
    62 | D        | Noticed an ogre
    69 | D        | Killed an ogre
    69 | D        | Reached skill level 9 in Axes
    69 | D        | Reached skill level 1 in Dodging
    69 | D        | Reached XP level 4. HP: 48/48 MP: 4/4
    72 | D        | Noticed Sigmund
    82 | D        | Killed Sigmund
    82 | D        | Reached skill level 10 in Fighting
    82 | D        | Reached skill level 11 in Axes
    82 | D        | Reached skill level 1 in Evocations
    82 | D        | Reached XP level 5. HP: 48/58 MP: 5/5
    82 | D        | Reached XP level 6. HP: 55/66 MP: 6/6
   145 | D        | Found a burning altar of Makhleb.
   145 | D        | Found a viscous altar of Jiyva.
   145 | D        | Found a shimmering altar of Xom.
   145 | D        | Found a corrupted altar of Lugonu.
   145 | D        | Noticed a slime creature
   155 | D        | Killed a slime creature
   155 | D        | Reached skill level 13 in Axes
   155 | D        | Reached XP level 7. HP: 38/74 MP: 7/7
   336 | D        | Became a worshipper of Jiyva Jeathrur the Shapeless
   343 | D        | Reached * piety under Jiyva
   345 | D        | Reached ** piety under Jiyva
   346 | D        | Noticed a kobold demonologist
   346 | D        | Noticed a demonic crawler
   346 | D        | Noticed a demonic crawler
   346 | D        | Noticed a demonic crawler
   346 | D        | Noticed a demonic crawler
   346 | D        | Reached *** piety under Jiyva
   346 | D        | Gained mutation: Your muscles are strong. (Str +2) [Jiyva's
                  | grace]
   346 | D        | Reached **** piety under Jiyva
   346 | D        | Lost mutation: Your muscles are strong. (Str +2) [Jiyva's
                  | grace]
   346 | D        | Reached ***** piety under Jiyva
   346 | D        | Gained mutation: You are somewhat resistant to further
                  | mutation. [Jiyva's grace]
   346 | D        | Noticed a kobold demonologist
   348 | D        | Noticed a ynoxinul
   348 | D        | Gained mutation: Your spells are a little harder to cast,
                  | but a little more powerful. [Jiyva's grace]
   348 | D        | Reached ****** piety under Jiyva
   348 | D        | Gained mutation: Armour fits poorly on your strangely
                  | shaped body. [Jiyva's grace]
   354 | D        | Slimified a kobold demonologist
   354 | D        | a kobold demonologist changed into an ooze
   355 | D        | Lost mutation: Armour fits poorly on your strangely shaped
                  | body. [Jiyva's grace]
   355 | D        | Lost mutation: You are somewhat resistant to further
                  | mutation. [Jiyva's grace]
   355 | D        | Lost mutation: Your spells are a little harder to cast, but
                  | a little more powerful. [Jiyva's grace]
   355 | D        | Gained mutation: You have a small jelly attached to you
                  | that may absorb incoming projectiles. [Jiyva's grace]
   355 | D        | Gained mutation: You expend magic power (3 MP) to
                  | strengthen your wands. [Jiyva's grace]
   356 | D        | Gained mutation: You have a small jelly attached to you
                  | that senses nearby items. [Jiyva's grace]
   356 | D        | Lost mutation: You expend magic power (3 MP) to strengthen
                  | your wands. [Jiyva's grace]
   357 | D        | Gained mutation: You expend magic power (3 MP) to
                  | strengthen your wands. [Jiyva's grace]
   361 | D        | Gained mutation: Your translucent skin slightly reduces
                  | your foes' accuracy. (Stealth) [Jiyva's grace]
   367 | D        | Found an ornate altar of the Wu Jian Council.
   367 | D        | Found a shimmering blue altar of Sif Muna.
   368 | D        | Noticed a rust devil
   375 | D        | Killed an unseen horror
   375 | D        | Slain by a demonic crawler

Illustrated notes

Levels and vault maps discovered:
D:        dungeon_sprint_1 [red_sonja_temple_1, red_sonja_temple_small_1]

Skill      XL: |  1  2  3  4  5  6 |
---------------+-------------------+-----
Fighting       | 6 8 10 11 | 11.3
Axes           | 6 9 11 13 | 13.2
Dodging        | 1 2 |  2.0
Evocations     | 1 2 |  2.8
Armour         | |  3.2
Shields        | |  3.2

Action                   |  1- 3 |  4- 6 |  7- 9 || total
-------------------------+-------+-------+-------++-------
Melee: War axe           |    16 |    13 |     6 ||    35
Invok: Request Jelly     |       |       |     2 ||     2
       Slimify           |       |       |     2 ||     2
Evoke: Wand              |     2 |     6 |       ||     8
  Use: Potion            |       |       |     2 ||     2
Armor: Scale mail        |     3 |       |       ||     3
       Ring mail         |       |     1 |    11 ||    12
Dodge: Dodged            |     7 |     6 |    19 ||    32
Block: Kite shield       |     6 |     2 |    22 ||    30

Table legend: (Time is in decaauts)
 A = Elapsed time spent in this place.
 B = Non-inter-level travel time spent in this place.
 C = Inter-level travel time spent in this place.
 D = Time resting spent in this place.
 E = Time spent auto-exploring this place.
 F = Levels seen in this place.
 G = Mean time per level.
                   A        B        C        D        E       F      G
               +--------+--------+--------+--------+--------+-----+--------+
         Total |    382 |    382 |      0 |    240 |      1 |   1 |  382.0 |
       Dungeon |    382 |    382 |      0 |    240 |      1 |   1 |  382.0 |
               +--------+--------+--------+--------+--------+-----+--------+

Top non-repeatable levels by time:
       D: 382 daAuts
